AoeStats
← Chupacabra

Arena

507935839Analyzed
4v4 RM · 12d ago on Sep 20, 2026· 38m 36s· 8 players
Game mode
Random Map
Map size
Large (8 player)
Population
200
Speed
Normal
Resources
Standard
Victory
Conquest
Starting age
Dark Age
Ending age
Imperial Age
RankedLock teamsTeams togetherTeam positionsShared explorationLock speedFull tech treeHidden civsTurbo modeCheats
Victory
Defeat
🇺🇸 Bohemians · United States
1417
+13
🇨🇦 Mongols · Canada
1414
+13
🇩🇪 Khmer · Germany
1373
+14
🇮🇳 Burgundians · India
1282
+18
🇨🇳 Dravidians · China
1368
-16
1357
-15
🇨🇳 Franks · China
1352
-15
🇨🇳 Slavs · China
1280
-12
迪恩-伊薩卡-凡爾賽提斯
10:47 Feudal Age
15:28 Castle Age
13:19 Horse Collar
14:14 Double-Bit Axe
15:16 Loom
16:07 Fletching
16:28 Bow Saw
18:18 Bodkin Arrow
阳光
11:28 Feudal Age
15:24 Castle Age
13:55 Double-Bit Axe
17:07 Bow Saw
24:28 Wheelbarrow
25:55 Hand Cart
25:26 Loom
25:27 Town Watch
30:21 Imperial Age
27:59 Scale Barding Armor
28:09 Gold Mining
28:42 Fortified Wall
28:42 Masonry
29:29 Chain Barding Armor
29:20 Forging
30:41 Husbandry
31:40 Plate Barding Armor
30:31 Cavalier
32:17 Conscription
32:02 Chivalry
32:56 Iron Casting
32:55 Coinage
32:26 Paladin
32:32 Paladin
35:21 Blast Furnace
34:37 Scale Mail Armor
34:00 Pikeman
34:41 Squires
34:27 Arson
35:12 Halberdier
36:28 Banking
37:16 Gold Shaft Mining
36:11 Light Cavalry
37:11 Chain Mail Armor
38:53 Plate Mail Armor
永乐大帝朱元璋
11:06 Feudal Age
15:09 Castle Age
15:07 Horse Collar
15:13 Double-Bit Axe
16:26 Bow Saw
17:30 Heavy Plow
25:25 Loom
25:25 Town Watch
26:15 Wheelbarrow
28:10 Hand Cart
32:52 Imperial Age
30:45 Town Patrol
32:33 Forging
32:29 Scale Barding Armor
33:10 Masonry
33:11 Fortified Wall
33:00 Gold Mining
33:00 Stone Mining
34:29 Gold Shaft Mining
34:42 Iron Casting
34:27 Chain Barding Armor
36:23 Blast Furnace
36:27 Bloodlines
36:18 Husbandry
35:44 Elite Boyar
36:44 Conscription
38:49 Plate Barding Armor
小飞舞
11:21 Feudal Age
10:55 Loom
15:38 Castle Age
13:44 Double-Bit Axe
13:53 Horse Collar
16:53 Bow Saw
19:51 Wheelbarrow
22:04 Gold Mining
23:13 Heavy Plow
24:13 Masonry
34:10 Imperial Age
32:21 Fletching
34:03 Hand Cart
33:46 Elite Skirmisher
35:34 Heavy Scorpion
38:24 Two-Man Saw
Chupacabra
3:08 Double-Bit Axe
11:01 Feudal Age
11:33 Loom
15:17 Castle Age
13:02 Horse Collar
18:27 Town Watch
19:14 Fletching
19:40 Husbandry
23:07 Wheelbarrow
24:34 Scale Barding Armor
25:06 Redemption
25:23 Bow Saw
25:14 Heavy Plow
26:08 Sanctity
28:09 Two-Man Saw
27:04 Gold Mining
27:51 Atonement
30:39 Cavalier
34:41 Chain Barding Armor
34:32 Forging
34:47 Scale Mail Armor
34:57 Forging
38:05 Imperial Age
36:19 Squires
35:39 Pikeman
36:37 Chain Mail Armor
36:58 Iron Casting
38:13 Burgundian Vineyards
38:45 Padded Archer Armor
38:31 Halberdier
virttuallG
11:06 Feudal Age
15:15 Castle Age
13:33 Double-Bit Axe
14:23 Horse Collar
20:41 Loom
21:07 Bow Saw
30:44 Imperial Age
34:16 Chemistry
34:19 Redemption
34:29 Sanctity
Laljia
10:45 Feudal Age
13:56 Castle Age
12:08 Double-Bit Axe
12:21 Horse Collar
17:16 Bow Saw
19:04 Heavy Plow
22:58 Wheelbarrow
22:28 Gold Mining
23:59 Gold Shaft Mining
23:36 Loom
24:08 Hand Cart
23:39 Town Watch
27:35 Imperial Age
25:34 Forging
25:58 Scale Barding Armor
26:37 Husbandry
26:49 Bloodlines
27:16 Iron Casting
26:57 Stone Mining
28:01 Chain Barding Armor
30:10 Plate Barding Armor
29:35 Elite Battle Elephant
31:58 Blast Furnace
31:35 Devotion
31:03 Light Cavalry
34:36 Faith
34:09 Hussar
35:17 Tusk Swords
35:39 Conscription
36:05 Coinage
Schvank
9:19 Feudal Age
13:57 Castle Age
12:04 Double-Bit Axe
13:16 Horse Collar
15:37 Bow Saw
19:09 Loom
20:31 Heavy Plow
21:42 Wheelbarrow
22:19 Stone Mining
23:39 Stone Shaft Mining
24:09 Hand Cart
25:09 Gold Mining
26:52 Gold Shaft Mining
29:11 Imperial Age
26:35 Fletching
27:49 Ballistics
27:34 Bodkin Arrow
27:40 Padded Archer Armor
29:27 Leather Archer Armor
29:19 Elite Mangudai
31:05 Bracer
32:07 Chemistry
33:16 Conscription
33:36 Parthian Tactics
33:18 Thumb Ring
34:17 Husbandry
34:28 Bloodlines
35:50 Light Cavalry
36:37 Scale Barding Armor
36:42 Forging
37:42 Drill
37:44 Chain Barding Armor
36:45 Hussar
Connection lost

Rejoining the realm…

Still unreachable

The connection could not be restored.

Session expired

The server has moved on; the page needs a fresh start.